 Dungeon Crawl Stone Soup version 0.21.0-3-g78d12a8 (webtiles) character file.

3072 Suckerboh the Thaumaturge (level 9, -6/47 HPs)
             Began as a Deep Elf Fire Elementalist on Jan 16, 2018.
             Was a Follower of Vehumet.
             Killed by nerve-wracking pain
             ... invoked by an orc priest
              (7 damage)
             ... on level 7 of the Dungeon.
             The game lasted 00:14:14 (7414 turns).

Suckerboh the Thaumaturge (DEFE)                    Turns: 7414, Time: 00:14:14

Health: -6/47      AC: 10    Str:  5    XL:     9   Next: 58%
Magic:  4/25       EV: 15    Int: 24    God:    Vehumet [*.....]
Gold:   211        SH:  0    Dex: 15    Spells: 14/28 levels left

rFire    . . .     SeeInvis .   a - +4 quarterstaff (chaos)
rCold    . . .     Gourm    .   (shield currently unavailable)
rNeg     + . .     Faith    .   v - +2 robe {rN+}
rPois    .         Spirit   .   k - +0 helmet
rElec    .         Reflect  .   E - +2 cloak
rCorr    .         Harm     .   B - +1 pair of gloves
MR       .....                  (no boots)
Stlth    ++........             (no amulet)
HPRegen  0.15/turn              w - ring of wizardry
MPRegen  0.19/turn              (no ring)

@: no status effects
A: no striking features
a: Renounce Religion


You were on level 7 of the Dungeon.
You worshipped Vehumet.
Vehumet was aware of your devotion.
You were not hungry.

You visited 2 branches of the dungeon, and saw 8 of its levels.

You collected 360 gold pieces.
You spent 149 gold pieces at shops.

Inventory:

Hand Weapons
 a - a +4 quarterstaff of chaos (weapon)
 p - a +9 club
 F - a +1 flail of crushing
Missiles
 r - 8 curare-tipped needles
Armour
 k - a +0 helmet (worn)
 v - a +2 robe of positive energy (worn)
 B - a +1 pair of gloves (worn)
 E - a +2 cloak (worn)
Jewellery
 m - an uncursed ring of ice
 w - a ring of wizardry (left hand)
 x - an uncursed ring of poison resistance {unknown}
Wands
 j - a wand of random effects (57)
 q - a wand of scattershot (8)
 y - a wand of polymorph (11)
Scrolls
 d - a scroll of remove curse
 f - 3 scrolls of fog
 g - a scroll of amnesia {unknown}
 i - 4 scrolls of teleportation
 s - 5 scrolls of identify
 z - a scroll of fear
 A - 2 scrolls of enchant weapon {unknown}
 C - 2 scrolls of enchant armour {unknown}
 D - a scroll of blinking {unknown}
Potions
 e - 2 potions of flight
 h - 2 potions of heal wounds {unknown}
 l - a potion of magic {unknown}
 n - 2 potions of mutation {unknown}
 o - a potion of might {unknown}
 t - 3 potions of curing {unknown}
 u - a potion of lignification {unknown}
Books
 b - a book of Flames

   Spells                             Type                      Level
   a - Flame Tongue                   Conjuration/Fire             1
   b - Throw Flame                    Conjuration/Fire             2
   c - Conjure Flame                  Conjuration/Fire             3
   d - Inner Flame                    Hexes/Fire                   3
   e - Sticky Flame                   Conjuration/Fire             4
   f - Fireball                       Conjuration/Fire             5
Comestibles
 c - 7 rations
 G - 2 chunks of flesh


   Skills:
 + Level 1.3 Fighting
 + Level 0.6 Maces & Flails
 + Level 4.7 Dodging
 - Level 2.4 Stealth
 + Level 10.1 Spellcasting
 * Level 9.1 Conjurations
 + Level 7.6 Fire Magic


You had 14 spell levels left.
You knew the following spells:

 Your Spells              Type           Power        Failure   Level  Hunger
a - Flame Tongue          Conj/Fire      #####        1%          1    None
b - Conjure Flame         Conj/Fire      ######..     1%          3    None
c - Sticky Flame          Conj/Fire      ######..     1%          4    #......
d - Fireball              Conj/Fire      ######....   1%          5    ####...
e - Magic Dart            Conj           ####         1%          1    None


Dungeon Overview and Level Annotations

Branches:
Dungeon (7/15)             Temple (1/1) D:6

Altars:
Ashenzari
Cheibriados
Dithmenos
Elyvilon
Fedhas
Gozag
Hepliaklqana
Kikubaaqudgha
Makhleb
Nemelex Xobeh
Okawaru
Qazlal
Ru
Sif Muna
Trog
Uskayaw
Vehumet
Wu Jian
Xom
Yredelemnul
Zin
The Shining One

Shops:
D:4 [   D:6 [


Message History

You can't see any susceptible monsters within range! (Use Z to cast anyway.) Unknown command.
Casting: Flame Tongue
Confirm with . or Enter, or press ? or * to list all spells.
Aiming: Sticky Flame
Press: ? - help, Shift-Dir - straight line The sticky flame hits something.
Vehumet accepts your kill.
Reactivating autopickup.
You feel a bit more experienced.
The orc priest calls down the wrath of Beogh upon you.
Beogh smites you!
* * * LOW HITPOINT WARNING * * *
The orc priest mumbles some strange prayers to Beogh against you.
Beogh smites you!
* * * LOW HITPOINT WARNING * * *
There is a stone staircase leading up here.
The orc priest invokes the aid of Beogh against you.
Pain shoots through your body!
You die...

#o##......#
#.......#
#)##.##.###
#.......# #o##.##.#
#.#....## #.......#
#.#(...#
####o##############
#.#....#
#.##....o......#
#......#
#.##.###.......#
####.####
#.##.###.......#
#.......#
#...........o@.#
#.##.##.#
##.....).....†.#
#.##.##.#
#.#.#.#.......#
#.##.##.#
#.#.......[...#
#.##.##.#
#.#..##.#######
#.##.##.# #.#..##.#
##### #.......#
#.......###...#
####.####
##...##.......###
#.# .....
#.#....^..####.#


You could see an orc priest and an orc.

Vanquished Creatures
  Grinder (D:3)
  Sigmund (D:4)
  Eustachio (D:4)
  Menkaure (D:6)
  A water moccasin (D:7)
  An ice beast (D:6)
  Purgy (D:3)
  A phantom (D:6)
  A sky beast (D:7)
  2 ogres
  A centaur (D:6)
  A bullfrog (D:6)
  A gnoll sergeant (D:6)
  2 scorpions
  5 wights
  2 howler monkeys
  A bullfrog zombie (D:6)
  A centaur zombie (D:5)
  A quasit (D:5)
  6 hounds
  3 orc priests
  Crazy Yiuf (D:6)
  A bullfrog skeleton (D:6)
  3 centaur skeletons
  7 orc wizards
  Jessica (D:3)
  6 iguanas
  A worker ant (D:4)
  A hound skeleton (D:4)
  Robin (D:4)
  A howler monkey skeleton (D:4)
  7 gnolls
  9 adders
  2 oozes
  An adder skeleton (D:4)
  2 worms
  3 dart slugs (D:3)
  3 leopard geckos
  18 orcs
  A ball python (D:3)
  8 bats
  5 giant cockroaches
  20 goblins
  10 hobgoblins
  11 jackals
  3 kobolds
  3 quokkas
  8 frilled lizards
  A leopard gecko zombie (D:5)
  12 rats
185 creatures vanquished.

Vanquished Creatures (others)
  A crimson imp (D:6)
  A plant (D:6)
2 creatures vanquished.

Grand Total: 187 creatures vanquished

Notes
Turn   | Place    | Note
-------+----------+-------------------------------------------
     0 | D:1      | Suckerboh the Deep Elf Fire Elementalist began the quest for the Orb.
     0 | D:1      | Reached XP level 1. HP: 10/10 MP: 6/6
   128 | D:1      | Reached XP level 2. HP: 15/15 MP: 6/8
   661 | D:1      | Reached XP level 3. HP: 19/19 MP: 7/10
  1662 | D:2      | Found a sacrificial altar of Ru.
  1663 | D:2      | Found a bloodstained altar of Trog.
  1663 | D:2      | Found an ancient bone altar of Kikubaaqudgha.
  1663 | D:2      | Found a glowing golden altar of the Shining One.
  1669 | D:2      | Found an ornate altar of the Wu Jian Council.
  1767 | D:2      | Reached XP level 4. HP: 24/24 MP: 5/11
  2335 | D:3      | Reached skill level 4 in Spellcasting
  2397 | D:3      | Found an iron altar of Okawaru.
  2479 | D:3      | Noticed Purgy
  2523 | D:2      | Learned a level 3 spell: Conjure Flame
  2528 | D:2      | Learned a level 4 spell: Sticky Flame
  2601 | D:3      | Killed Purgy
  2601 | D:3      | Reached XP level 5. HP: 19/28 MP: 5/13
  2727 | D:3      | Noticed Jessica
  2728 | D:3      | Killed Jessica
  2886 | D:3      | Reached XP level 6. HP: 18/33 MP: 7/15
  2971 | D:3      | Reached skill level 5 in Spellcasting
  3127 | D:3      | Noticed Grinder
  3135 | D:3      | Killed Grinder
  3135 | D:3      | Reached skill level 5 in Fire Magic
  3416 | D:4      | Reached skill level 5 in Conjurations
  3416 | D:4      | Reached XP level 7. HP: 37/37 MP: 12/17
  3422 | D:4      | Reached skill level 6 in Spellcasting
  3502 | D:4      | Noticed Eustachio
  3527 | D:4      | Killed Eustachio
  3527 | D:4      | Reached skill level 1 in Fighting
  3906 | D:4      | Noticed Robin
  3915 | D:4      | Reached XP level 8. HP: 42/43 MP: 15/20
  4049 | D:4      | Killed Robin
  4083 | D:4      | Reached skill level 7 in Spellcasting
  4589 | D:4      | Found Daupec's Antique Armour Shoppe.
  4628 | D:4      | Noticed Sigmund
  4638 | D:4      | Killed Sigmund
  5015 | D:5      | Entered Level 5 of the Dungeon
  5064 | D:5      | Reached skill level 8 in Spellcasting
  5226 | D:5      | Found a burning altar of Makhleb.
  6021 | D:6      | Reached skill level 9 in Spellcasting
  6021 | D:6      | Reached XP level 9. HP: 38/47 MP: 16/24
  6453 | D:6      | Noticed Menkaure
  6459 | D:6      | Killed Menkaure
  6467 | D:6      | Learned a level 5 spell: Fireball
  6477 | D:6      | Found Aplu's Armour Boutique.
  6480 | D:6      | Bought a +1 pair of gloves for 149 gold pieces
  6571 | D:6      | Found a staircase to the Ecumenical Temple.
  6662 | Temple   | Entered the Ecumenical Temple
  6739 | Temple   | Became a worshipper of Vehumet
  7103 | D:6      | Found a runed door.
  7149 | D:6      | Noticed Crazy Yiuf
  7152 | D:6      | Killed Crazy Yiuf
  7316 | D:7      | Reached * piety under Vehumet
  7316 | D:7      | Offered knowledge of Magic Dart by Vehumet.
  7323 | D:7      | Learned a level 1 spell: Magic Dart
  7375 | D:7      | Reached skill level 10 in Spellcasting
  7411 | D:7      | HP: 1/47 [orc priest/divine providence (13)]
  7414 | D:7      | Killed from afar by an orc priest

Skill      XL: |  1  2  3  4  5  6  7  8  9 |
---------------+----------------------------+-----
Fire Magic     | 4 5 7 |  7.6
Conjurations   | 2 3 5 6 7 9 |  9.1
Dodging        | 3 4 |  4.7
Spellcasting   | 4 5 6 9 10 | 10.1
Fighting       | 1 |  1.3
Maces & Flails | |  0.6
Stealth        | |  2.4

Action                   |  1- 3 |  4- 6 |  7- 9 || total
-------------------------+-------+-------+-------++-------
Melee: Unarmed           |     7 |     2 |     1 ||    10
       Flail             |       |       |    23 ||    23
       Quarterstaff      |       |       |     1 ||     1
 Cast: Flame Tongue      |    73 |    71 |   297 ||   441
       Sticky Flame      |       |     3 |    16 ||    19
       Conjure Flame     |       |       |     1 ||     1
  Use: Scroll            |       |     8 |       ||     8
 Stab: Sleeping          |     1 |       |     1 ||     2
  Eat: Chunk             |     2 |     6 |    13 ||    21
Armor: Robe              |     3 |     3 |    40 ||    46
Dodge: Dodged            |    23 |    16 |   151 ||   190
